 Dungeon Crawl Stone Soup version 0.31-a0-187-gba352fbbf7 (webtiles) character file.

Game seed: 8541571744145041760

142 rabbitsville the Chopper (level 5, -7/42 HPs)
             Began as a Hill Orc Reaver on June 23, 2023.
             Was an Initiate of Gozag.
             Mangled by an ogre
             ... wielding a +0 giant spiked club
              (19 damage)
             ... on level 4 of the Dungeon.
             The game lasted 00:11:14 (2865 turns).

rabbitsville the Chopper (Hill Orc Reaver)          Turns: 2865, Time: 00:11:14

Health: -7/42      AC:  7    Str: 15    XL:     5   Next: 25%
Magic:  10/10      EV: 11    Int: 15    God:    Gozag
Gold:   178        SH:  0    Dex:  9    Spells: 9/10 levels left

rFire   . . .        a - +0 hand axe
rCold   . . .        (no shield)
rNeg    . . .        b - +0 leather armour
rPois   .            n - +1 helmet of Cheibriados's Hope {+Inv}
rElec   .            (no cloak)
rCorr   .            s - +0 pair of gloves
SInv    .            t - +0 pair of boots
Will    .....        (no amulet)
Stlth   +            (no ring)
HPRegen 0.27/turn    (no ring)
MPRegen 0.12/turn

%: no passive effects
@: no status effects
A: no striking features
a: Renounce Religion, Evoke Invisibility, Potion Petition, Call Merchant, Bribe
Branch


You were on level 4 of the Dungeon.
You worshipped Gozag.
Gozag was aware of your devotion.
You visited 1 branch of the dungeon, and saw 4 of its levels.

You collected 338 gold pieces.
You spent 104 gold pieces at shops.
You paid 56 gold pieces to Gozag.

Inventory:

Hand Weapons
 a - a +0 hand axe (weapon)
Armour
 b - a +0 leather armour (worn)
 d - a +0 helmet
 g - a +0 ring mail
 j - a +0 plate armour
 n - the +1 helmet of Cheibriados's Hope (worn) {+Inv}
   (You found it on level 2 of the Dungeon)

   +Inv:      It lets you turn invisible.
 s - a +0 pair of gloves (worn)
 t - a +0 pair of boots (worn)
Scrolls
 e - a scroll of enchant armour {unknown}
 f - a scroll of teleportation {unknown}
 h - 8 scrolls of identify
 l - a scroll of revelation {unknown}
 m - a scroll of silence {unknown}
Potions
 c - a potion of mutation {unknown}
 i - a potion of heal wounds {unknown}
 k - a potion of ambrosia {unknown}
 o - a potion of invisibility {unknown}
 p - a potion of might {unknown}
 q - a potion of curing
 r - a potion of brilliance {unknown}
 u - a potion of enlightenment {unknown}


   Skills:
 - Level 2.4 Fighting
 + Level 5.4 Axes
 - Level 1.5 Dodging
 * Level 3.4 Spellcasting
 - Level 3.0 Conjurations


You had 9 spell levels left.
You knew the following spells:

 Your Spells              Type           Power      Damage    Failure   Level
a - Kiss of Death         Conj/Necr      28%        2d7       13%         1

Your spell library contained the following spells:

 Spells                   Type           Power      Damage    Failure   Level
 Momentum Strike          Conj/Tloc      14%        3d8       19%         2
 Sting                    Tmut/Pois      8%         1d3       24%         1
 Poisonous Vapours        Pois/Air       4%         N/A       34%         2
 Hailstorm                Conj/Ice       7%         3d4       36%         3
 Olgreb's Toxic Radiance  Pois           2%         N/A       93%         4


Dungeon Overview and Level Annotations

Branches:
Dungeon (4/15)
 Temple: D:4-7

Altars:
Dithmenos
Gozag

Shops:
D:3 :*?((


Message History

HP restored.
You open the door.
Found a shadowy altar of Dithmenos.
You now have 178 gold pieces (gained 14).
Found a ring mail and a leather armour.
Found a sling.
Found a stone staircase leading up.
An ogre comes into view. It is wielding a +0 giant spiked club.
The ogre shouts!
Cleave: a) +0 hand axe
Press: ? - help, Dir - move target You swing at nothing.
Search for what [? for help]? poi Can't find anything matching that.
Search for what [Enter for "poi", or ? for help]? dar Can't find anything matching that.
Search for what [Enter for "dar", or ? for help]? dart Can't find anything matching that.
Unknown command.
Search for what [Enter for "dart", or ? for help]? throw You see here a +0 short sword.
You barely miss the ogre.
The ogre hits you with a +0 giant spiked club.
You hit the ogre.
The ogre is lightly wounded.
The ogre hits you with a +0 giant spiked club!
You closely miss the ogre.
The ogre is lightly wounded.
You barely miss the ogre.
The ogre is lightly wounded.
The ogre hits you with a +0 giant spiked club!
* * * LOW HITPOINT WARNING * * *
You hit the ogre.
The ogre is lightly wounded.
The ogre barely misses you.
You hit the ogre.
The ogre is moderately wounded.
The ogre hits you with a +0 giant spiked club!!
You die...
Your body crumbles into a pile of gold.

...# #.....##.#>......# #..#
#.....##.#.......# ...#
#.....##.#.......# #.##
#[....##.........# #.#
##................# ..#
#..O...##.......###
######.##.#.##.##.##.#
#...[..##.#.##.O..##.#
#.###..##.......@.##.#
#.###...###.##.......#
....#.O..........)#####
#.........####.#.....)#
#.................###.#
#.........######.####.####...
######.....# #.##..<......#
##....# #.##.#.#####.. ##...#
#.##.#.#


You could see an ogre.

Vanquished Creatures
  6 adders
  A worm (D:2)
  6 orcs
  6 ball pythons
  10 endoplasms
  5 giant cockroaches
  6 goblins
  4 hobgoblins
  6 jackals
  5 quokkas
  3 bats
  2 frilled lizards (D:3)
  10 kobolds
  3 rats (D:2)
73 creatures vanquished.

Notes
Turn   | Place    | Note
-------+----------+-------------------------------------------
     0 | D:1      | rabbitsville the Hill Orc Reaver began the quest for the
                  | Orb.
     0 | D:1      | Reached XP level 1. HP: 18/18 MP: 3/3
   178 | D:1      | Reached XP level 2. HP: 18/25 MP: 5/5
   872 | D:1      | Reached XP level 3. HP: 26/30 MP: 6/6
  1236 | D:2      | Reached XP level 4. HP: 34/37 MP: 8/8
  1315 | D:2      | Identified the +1 helmet of Cheibriados's Hope {+Inv}
  1423 | D:2      | Reached skill level 5 in Axes
  1824 | D:3      | Found Sastuz's Assorted Antiques.
  1899 | D:3      | Found an opulent altar of Gozag.
  1908 | D:3      | Became a worshipper of Gozag Ym Sagoz the Greedy
  1914 | D:3      | Found Lief's Book Boutique.
  2046 | D:3      | Found Caum Moga's Magic Scroll Boutique.
  2053 | D:3      | Bought 3 scrolls of identify for 78 gold pieces
  2053 | D:3      | Bought a scroll of identify for 26 gold pieces
  2064 | D:3      | Found Kabe's Weapon Shop.
  2088 | D:3      | Found Zapp's Antique Weapon Shoppe.
  2539 | D:4      | Reached XP level 5. HP: 20/42 MP: 9/9
  2776 | D:4      | Found a shadowy altar of Dithmenos.
  2830 | D:4      | Noticed an ogre
  2865 | D:4      | Mangled by an ogre

Illustrated notes

Levels and vault maps discovered:
D:1:      noname_arrival_rooms_in_the_neighbourhood, layout_basic,
          minmay_quantized
D:2:      layout_rooms, minivault_11
D:3:      layout_rooms, grunt_gozag_breadcrumbs, serial_shops, shop,
          shop_statue, nicolae_square_shop, shop, nicolae_shop_tiny_waterfront,
          st_stairs_7, minmay_quadrilaterals
D:4:      layout_loops_cross, mainiacjoe_overflow_surrounded_room,
          dk_noncrumbling_3

Skill      XL: |  1  2  3  4 |
---------------+-------------+-----
Spellcasting   | 2 3 |  3.4
Axes           | 5 |  5.4
Fighting       | |  2.4
Dodging        | |  1.5
Conjurations   | |  3.0

Action                     |  1- 3 |  4- 6 || total
---------------------------+-------+-------++-------
  Melee: Hand axe          |   141 |   166 ||   307
         Punch             |     1 |     1 ||     2
   Stab: Distracted        |       |     1 ||     1
 Armour: Leather armour    |     7 |    57 ||    64
         Plate armour      |    60 |       ||    60
         Ring mail         |     8 |       ||     8
  Dodge: Dodged            |    66 |   102 ||   168

Table legend: (Time is in decaauts)
 A = Elapsed time spent in this place.
 B = Non-inter-level travel time spent in this place.
 C = Inter-level travel time spent in this place.
 D = Time resting spent in this place.
 E = Time spent auto-exploring this place.
 F = Levels seen in this place.
 G = Mean time per level.
                   A        B        C        D        E       F      G
               +--------+--------+--------+--------+--------+-----+--------+
         Total |   2885 |   2782 |    103 |     71 |   1642 |   4 |  721.2 |
       Dungeon |   2885 |   2782 |    103 |     71 |   1642 |   4 |  721.2 |
               +--------+--------+--------+--------+--------+-----+--------+

Top non-repeatable levels by time:
     D:1: 1002 daAuts
     D:3: 862 daAuts
     D:2: 743 daAuts
     D:4: 277 daAuts
